 Dungeon Crawl Stone Soup version 0.31.0-12-g77e489cdc1 (webtiles) character file.

Game seed: 3110302335618745468

194 lordive the Shooter (level 5, -3/45 HPs)
             Began as a Hill Orc Hunter on Feb 28, 2024.
             Slain by Terence
             ... wielding a +1 mace of protection
              (9 damage)
             ... on level 2 of the Dungeon.
             The game lasted 00:02:50 (963 turns).

lordive the Shooter (Hill Orc Hunter)                Turns: 963, Time: 00:02:50

Health: -3/45      AC:  5    Str: 14    XL:     5   Next: 73%
Magic:  5/5        EV: 11    Int:  9    God:
Gold:   49         SH:  0    Dex: 16    Spells: 4/4 levels left

rFire   . . .        a - +0 shortbow
rCold   . . .        (shield currently unavailable)
rNeg    . . .        h - +0 ring mail
rPois   .            (no helmet)
rElec   .            (no cloak)
rCorr   .            (no gloves)
SInv    .            (no boots)
Will    .....        (no amulet)
Stlth   +            (no ring)
HPRegen 0.27/turn    (no ring)
MPRegen 0.09/turn

%: no passive effects
@: no status effects
A: no striking features
a: no special abilities


You were on level 2 of the Dungeon.
You visited 1 branch of the dungeon, and saw 2 of its levels.

You collected 49 gold pieces.

Inventory:

Hand Weapons
 a - a +0 shortbow (weapon)
Armour
 h - a +0 ring mail (worn)
Jewellery
 d - a +4 ring of protection
 i - a +4 ring of protection
Scrolls
 b - a scroll of butterflies
 e - 3 scrolls of identify {unknown}
 g - a scroll of blinking {unknown}
Potions
 c - a potion of lignification {unknown}
 f - a potion of degeneration {unknown}
 j - a potion of might {unknown}


   Skills:
 + Level 3.5 Fighting
 + Level 5.6 Ranged Weapons
 + Level 1.5 Armour
 + Level 1.6 Dodging
 - Level 0.7 Stealth


You had 4 spell levels left.
You didn't know any spells.
Your spell library was empty.

Dungeon Overview and Level Annotations

Branches:
Dungeon (2/15)

Altars:

Shops:
D:1 [

Annotations:
D:2 Terence


Message History

You shoot an arrow.
The arrow hits Terence but does no damage.
Terence is heavily wounded.
Terence hits you with a +1 mace of protection.
* * * LOW HITPOINT WARNING * * *
Unknown command.
Unknown command.
Fire: a) +0 shortbow
Press: ? - help, Q - select action Shift-Dir - straight line, f/p - Terence
Aim: Terence, wielding a +1 mace of protection and wearing a +0 scale mail (heavily wounded, 66% to hit)
You shoot an arrow.
The arrow hits Terence but does no damage.
Terence is heavily wounded.
Terence barely misses you.
Fire: a) +0 shortbow
Press: ? - help, Q - select action Shift-Dir - straight line, f/p - Terence
Aim: Terence, wielding a +1 mace of protection and wearing a +0 scale mail (heavily wounded, 66% to hit)
You shoot an arrow. The arrow barely misses Terence.
Terence closely misses you.
Fire: a) +0 shortbow
Press: ? - help, Q - select action Shift-Dir - straight line, f/p - Terence
Aim: Terence, wielding a +1 mace of protection and wearing a +0 scale mail (heavily wounded, 66% to hit)
You shoot an arrow.
The arrow hits Terence but does no damage.
Terence is heavily wounded.
Terence asks, "Do you want it fast or slow?"
Terence misses you.
Terence hits you with a +1 mace of protection.
* * * LOW HITPOINT WARNING * * *
Unknown command.
Terence attacks as he pursues you! Terence completely misses you.
Terence says, "You're history."
There is a stone staircase leading up here.
Found a plate armour.
Terence attacks as he pursues you!
Terence hits you with a +1 mace of protection.
* * * LOW HITPOINT WARNING * * *
Terence attacks as he pursues you!
Terence hits you with a +1 mace of protection!
You die...
Terence says, "Rest in peace."

........## .# [........
........ ......(.. #......#
...........##.##...##
...........##........
#.............#..#.#
#..................#
#.........@##.....#### ##
#.........@#........)#####.
#.......<#†.....##.......
#..............########.
####)........### #.
##.#.....#.# ...
#....##..#..# #.##
#..#####..#.# ... #...#
##..#.. ##


You could see Terence.

Vanquished Creatures
  Sigmund (D:2)
  A ribbon worm (D:2)
  3 endoplasms
  A giant cockroach (D:1)
  3 jackals (D:1)
  4 quokkas
  4 ball pythons
  3 frilled lizards (D:1)
  5 goblins
  3 kobolds (D:1)
  A rat (D:1)
29 creatures vanquished.

Notes
Turn   | Place    | Note
-------+----------+-------------------------------------------
     0 | D:1      | lordive the Hill Orc Hunter began the quest for the Orb.
     0 | D:1      | Reached XP level 1. HP: 18/18 MP: 1/1
    69 | D:1      | Reached XP level 2. HP: 25/25 MP: 2/2
    81 | D:1      | Found a faded altar of an unknown god.
   122 | D:1      | Reached skill level 4 in Ranged Weapons
   321 | D:1      | Found Qyamuck's Antique Armour Shoppe.
   729 | D:2      | Identified the +8 dagger of Koriywupp {heavy, rElec Str+3
                  | Stlth+}
   739 | D:2      | Noticed Sigmund
   745 | D:2      | Reached XP level 3. HP: 18/30 MP: 3/3
   751 | D:2      | Killed Sigmund
   752 | D:2      | Reached skill level 5 in Ranged Weapons
   752 | D:2      | Reached skill level 1 in Armour
   752 | D:2      | Reached XP level 4. HP: 10/38 MP: 4/4
   752 | D:2      | Reached XP level 5. HP: 12/45 MP: 5/5
   923 | D:2      | Noticed Terence
   963 | D:2      | Slain by Terence

Illustrated notes

Levels and vault maps discovered:
D:1:      psy_arrival_statuary, layout_basic, basic_ecumenical_altar,
          serial_shops, shop
D:2:      layout_rooms, uniq_sigmund, uniq_terence, uniq_crazy_yiuf_cottage

Skill      XL: |  1  2  3 |
---------------+----------+-----
Ranged Weapons | 4 5 |  5.6
Fighting       | 3 |  3.5
Armour         | 1 |  1.5
Dodging        | |  1.6
Stealth        | |  0.7

Action                     |  1- 3 |  4- 6 || total
---------------------------+-------+-------++-------
   Fire: Shortbow          |    65 |    29 ||    94
 Armour: Leather armour    |    20 |       ||    20
         Ring mail         |     3 |    19 ||    22
  Dodge: Dodged            |    16 |    16 ||    32
